 Dungeon Crawl Stone Soup version 0.20-a0-555-gf6ae02d (webtiles) character file.

1187 trice3010101 the Archer (level 8, -3/62 HPs)
             Began as a Minotaur Hunter on Feb 3, 2017.
             Slain by an orc warrior
             ... wielding a +1 hand axe of chopping
              (5 damage)
             ... on level 5 of the Dungeon.
             The game lasted 00:22:03 (4473 turns).

trice3010101 the Archer (Minotaur Hunter)           Turns: 4473, Time: 00:22:05

Health: -3/62      AC:  8    Str: 16    XL:     8   Next: 19%
Magic:  7/7        EV: 12    Int:  8    God:
Gold:   113        SH:  0    Dex: 14    Spells: 1/7 levels left

rFire    + . .     SeeInvis .   r - +0 great sword
rCold    . . .     Gourm    .   o - +3 leather armour {rF+}
rNeg     . . .     Faith    .   (shield currently unavailable)
rPois    .         Spirit   .   (helmet restricted)
rElec    .         Reflect  .   (no cloak)
rCorr    .         Harm     .   (no gloves)
MR       .....                  s - +1 pair of boots
Stlth    +.........             (no amulet)
Regen    0.2/turn               (no ring)
                                (no ring)

@: no status effects
A: retaliatory headbutt, horns 2
a: no special abilities


You were on level 5 of the Dungeon.
You were not hungry.

You visited 1 branch of the dungeon, and saw 6 of its levels.

You collected 113 gold pieces.

Inventory:

Hand Weapons
 a - a +1 shortbow
 b - a +1 scythe of pain
 r - a +0 great sword (weapon)
Missiles
 d - 28 arrows
 h - 6 tomahawks (quivered)
 p - 19 poisoned needles
Armour
 c - a +0 leather armour
 k - a +2 robe of fire resistance
 o - a +3 leather armour of fire resistance (worn)
 s - a +1 pair of boots (worn)
Wands
 m - a wand of acid (6/15)
Scrolls
 e - a scroll of magic mapping
 i - 3 scrolls of amnesia
 q - a scroll of identify
Potions
 g - 2 potions of curing
 j - a potion of heal wounds
Books
 l - a book of Misfortune

   Spells                             Type                      Level
   a - Confusing Touch                Hexes                        1
   b - Confuse                        Hexes                        3
   c - Gell's Gravitas                Hexes/Translocation          3
   d - Petrify                        Transmutation/Earth          4
   e - Metabolic Englaciation         Hexes/Ice                    5
   f - Yara's Violent Unravelling     Hexes/Transmutation          5
Comestibles
 f - 3 bread rations
 n - a royal jelly


   Skills:
 - Level 2.6 Fighting
   Level 0.2 Short Blades
 + Level 11.1 Bows
 * Level 2.5 Armour
 - Level 2.2 Dodging
 - Level 0.7 Stealth


You had one spell level left.
You knew the following spells:

 Your Spells              Type           Power        Failure   Level  Hunger
a - Confuse               Hex            #.......     98%         3    ####...
b - Gell's Gravitas       Hex/Tloc       #.........   98%         3    ####...


Dungeon Overview and Level Annotations

Branches:
Dungeon (6/15)
 Temple: D:4-7

Altars:
Fedhas
Gozag
Hepliaklqana
Trog

Portals:
Sewer: D:6


Innate Abilities, Weirdness & Mutations

You reflexively headbutt those who attack you in melee.
You have a pair of horns on your head.


Message History

The bullfrog hits you.
The orc warrior hits you with a hand axe of chopping.
The bullfrog barely misses you.
The orc warrior hits you but does no damage.
You closely miss the bullfrog.
The bullfrog is heavily wounded.
The bullfrog completely misses you.
You riposte.
You miss the bullfrog. Your headbutt misses the bullfrog.
The bullfrog is heavily wounded.
The bullfrog hits you.
The orc warrior hits you with a hand axe of chopping!
* * * LOW HITPOINT WARNING * * *
x2 The bullfrog hits you but does no damage.
You barely miss the bullfrog.
The bullfrog is heavily wounded.
The bullfrog hits you but does no damage.
The orc warrior closely misses you. The bullfrog barely misses you.
You furiously retaliate!
You headbutt the bullfrog!
The orc warrior hits you with a hand axe of chopping.
You die...

.# #.......# #..........#.#.####
.# ##.......###..........#.#....#
.# #.........##..........#.#..#.#
†###.........##..........#.#..#.#
>##.......######.#####.....#..#.#
.##....####..8##.##........#..#.#
###.)..#......##.#........##..#.#
#...##......##F#.........#..#.#
##...#...#)[.##@#.........#..#.#
#....#...#.)..#o#.........#..#.#
#...##...##...#.##'#'######..#.#
#...#.....#...#.##.#.# #..#.#
#...#.....#...#.##.#.# #..#.#
#...#..)..#...#.##.#.# #..#.#
#...#..8[.#...#.##.#.# #..#.#
#..†#.....#...#.##.#.# #..#.#
#...#.....#...#.##.#.# #..#.#


You could see an orc warrior and a bullfrog.

Vanquished Creatures
  Sigmund (D:2)
  2 ogres
  A phantom (D:4)
  A scorpion (D:4)
  A howler monkey (D:4)
  A crimson imp (D:5)
  A jelly (D:5)
  An orc priest (D:5)
  3 hounds
  7 orc wizards
  A bullfrog skeleton (D:6)
  2 iguanas
  4 worker ants (D:4)
  A hound zombie (D:5)
  4 adders
  An adder skeleton (D:4)
  2 worms
  3 dart slugs (D:1)
  3 leopard geckos
  11 orcs
  2 giant cockroaches
  7 goblins
  8 hobgoblins
  3 jackals (D:3)
  4 kobolds
  A quokka (D:2)
  5 bats
  4 frilled lizards
  A leopard gecko skeleton (D:4)
  4 rats
90 creatures vanquished.

Notes
Turn   | Place    | Note
-------+----------+-------------------------------------------
     0 | D:1      | trice3010101 the Minotaur Hunter began the quest for the Orb.
     0 | D:1      | Reached XP level 1. HP: 18/18 MP: 0/0
    96 | D:1      | Reached XP level 2. HP: 25/25 MP: 1/1
   193 | D:1      | Reached skill level 5 in Bows
   341 | D:1      | You fall through a shaft!
   451 | D:1      | Reached XP level 3. HP: 29/30 MP: 2/2
   624 | D:2      | Found a hazy altar of Hepliaklqana.
   639 | D:2      | Noticed Sigmund
   654 | D:2      | Killed Sigmund
   654 | D:2      | Reached skill level 7 in Bows
   654 | D:2      | Reached XP level 4. HP: 23/37 MP: 3/3
   654 | D:2      | Reached XP level 5. HP: 26/42 MP: 4/4
   668 | D:2      | Found a blossoming altar of Fedhas.
   675 | D:2      | Found a bloodstained altar of Trog.
   807 | D:3      | Found an opulent altar of Gozag.
  1004 | D:3      | Found a faded altar of an unknown god.
  1306 | D:4      | Noticed an ogre
  1310 | D:4      | Reached XP level 6. HP: 48/50 MP: 5/5
  1313 | D:4      | Reached skill level 8 in Bows
  1865 | D:4      | Reached skill level 9 in Bows
  1965 | D:4      | Learned a level 3 spell: Confuse
  2026 | D:4      | Reached XP level 7. HP: 37/56 MP: 6/6
  2810 | D:4      | Learned a level 3 spell: Gell's Gravitas
  2846 | D:4      | Reached skill level 10 in Bows
  3119 | D:5      | Entered Level 5 of the Dungeon
  3169 | D:5      | Reached skill level 1 in Armour
  3314 | D:5      | Reached XP level 8. HP: 59/62 MP: 7/7
  4057 | D:5      | Reached skill level 11 in Bows
  4415 | D:6      | Found a glowing drain.
  4472 | D:5      | HP: 2/62 [orc warrior/hand axe of chopping (4)]
  4473 | D:5      | Slain by an orc warrior

Vault maps used:
D:1:      noname_arrival_rooms_in_the_neighbourhood
D:2:      grunt_temple_overflow_open, lemuel_zombie_altar_yredelemnul,
          feat_on_display, uniq_sigmund
D:3:      overflow_temple_1_default, first_bread,
          chequers_ecumenical_altar_twisty
D:5:      kennysheep_spiral_hall
D:6:      serial_shops, kennysheep_mini_moat, gup_sewer_entry_glass

Skill      XL: |  1  2  3  4  5  6  7  8 |
---------------+-------------------------+-----
Bows           | 5 7 9 10 11 | 11.1
Armour         | 2 |  2.5
Fighting       | |  2.6
Short Blades   | |  0.2
Dodging        | |  2.2
Stealth        | |  0.7

Action                   |  1- 3 |  4- 6 |  7- 9 || total
-------------------------+-------+-------+-------++-------
Melee: Short sword       |    24 |       |       ||    24
       Headbutt          |     4 |     4 |     8 ||    16
       Long sword        |     3 |     4 |       ||     7
       Scythe            |       |    30 |    14 ||    44
       Great sword       |       |       |    48 ||    48
 Fire: Shortbow          |    48 |    42 |    68 ||   158
Throw: Tomahawk          |     2 |       |     3 ||     5
  Use: Potion            |     4 |     4 |       ||     8
       Scroll            |     1 |     6 |     1 ||     8
 Stab: Distracted        |       |     1 |       ||     1
  Eat: Meat ration       |       |     1 |       ||     1
       Bread ration      |       |       |     2 ||     2
Armor: Leather armour    |     3 |    13 |    36 ||    52
Dodge: Dodged            |    18 |    27 |    50 ||    95
       Rpst.: Long sword |       |     1 |       ||     1
       Great sword       |       |       |     8 ||     8
